Map: Turbo Cruise '84 LE

Players

Lambo - Winner!

  • Race: Zerg Zerg
  • Spawn Location: 7:00

DnS

  • Race: Protoss Protoss
  • Spawn Location: 3:00

Event: 2019 WCS Summer

VOD

Have the link to the VOD?

Description

Time

  • Played on: July 12, 2019, 1:29 p.m.
  • Length: 8:25

All games in this series

Show
View Real Time Build Order
Export as new Build Order

Lambo Zerg - Winner!

Build Orders: Hatch First 

Get SALT Encoding   

  12  0:00  Drone  
  13  0:12  Overlord  
  13  0:17  Drone  
  14  0:30  Drone x2  
  16  0:44  Drone  
  17  0:53  Hatchery  
  17  0:55  Drone  
  17  0:58  Drone  
  18  1:08  Extractor  
  17  1:13  Spawning Pool  
  17  1:17  Drone  
  17  1:20  Drone  
  18  1:29  Drone  
  19  1:40  Drone  
  20  1:53  Overlord  
  20  2:00  Queen  
  22  2:05  Zergling x2  
  22  2:07  Queen  
  25  2:08  Drone  
  25  2:12  Metabolic Boost  
  26  2:16  Zergling x2  
  26  2:17  Drone  
  28  2:27  Drone  
  29  2:35  Hatchery  
  28  2:37  Drone  
  28  2:41  Drone  
  30  2:48  Zergling x2  
  30  2:50  Zergling x2  
  32  2:51  Drone  
  33  3:02  Overlord  
  33  3:05  Queen  
  33  3:08  Drone  
  36  3:19  Drone  
  36  3:24  Drone x4  
  36  3:25  Drone  
  36  3:26  Drone  
  41  3:28  Drone  
  41  3:31  Drone  
  41  3:33  Drone  
  44  3:51  Drone x3, Overlord  
  47  3:56  Spore Crawler  
  47  3:57  Spore Crawler  
  47  3:59  Drone x4  
  47  4:00  Spore Crawler  
  48  4:03  Drone x2  
  48  4:09  Drone  
  51  4:13  Overlord  
  51  4:15  Zergling x2  
  50  4:24  Drone  
  50  4:25  Drone x4  
  50  4:27  Drone  
  50  4:28  Lair  
  50  4:31  Roach Warren  
  54  4:32  Zergling x4  
  54  4:33  Drone  
  54  4:38  Drone x2, Extractor  
  58  4:40  Extractor  
  58  4:44  Drone x2  
  58  4:45  Drone  
  57  4:53  Drone x2  
  57  4:56  Evolution Chamber, Overlord  
  57  4:57  Drone  
  57  4:58  Drone  
  57  4:59  Drone x4  
  64  5:02  Overlord  
  64  5:06  Overlord  
  64  5:07  Drone  
  64  5:09  Drone  
  65  5:17  Overlord  
  65  5:18  Extractor  
  65  5:19  Roach x3  
  69  5:23  Roach  
  69  5:25  Glial Reconstitution  
  69  5:26  Zerg Missile Weapons Level 1  
  71  5:31  Overlord  
  70  5:38  Roach x4  
  70  5:42  Overlord  
  77  5:45  Overlord  
  77  5:47  Roach x3  
  77  5:48  Roach  
  85  5:51  Overlord  
  85  5:54  Roach x2  
  89  6:05  Roach x5  
  89  6:09  Roach x2  
  103  6:12  Overlord  
  103  6:14  Roach x2  
  107  6:23  Roach x4  
  114  6:32  Roach x4  
  117  6:39  Roach x3  
  121  6:44  Roach  
  121  6:45  Roach  
  125  6:48  Overlord  
  125  6:49  Zergling x2, Roach  
  125  6:50  Zergling x2  
  129  6:57  Roach x2  
  133  7:03  Zergling x6  
  133  7:04  Ravager  
  133  7:07  Overlord  
  141  7:08  Roach x2  
  141  7:10  Roach  
  145  7:15  Roach x3  
  145  7:19  Zergling x4  
  144  7:23  Zergling x4  
  144  7:24  Roach  
  144  7:28  Roach x2  
  134  7:30  Roach  
  134  7:33  Zergling x2  
  134  7:35  Ravager  
  136  7:37  Drone x2  
  136  7:41  Zergling x6  
  136  7:43  Zergling x6  
  141  7:48  Roach x2  
  134  7:52  Drone  
  134  7:55  Infestation Pit  
  134  7:56  Extractor  
  134  7:57  Extractor  
  128  7:58  Roach  
  128  7:59  Roach  
  128  8:02  Drone  
  132  8:10  Drone x7  
  138  8:17  Hatchery  
Show
View Real Time Build Order
Export as new Build Order

DnS Protoss 

Build Orders: 1 Gate Expand, Oracle Opening, Archon Immortal, Archon Drop 

Get SALT Encoding   

  12  0:00  Probe  
  13  0:12  Probe  
  14  0:19  Pylon  
  14  0:24  Probe  
  15  0:33  Probe  
  15  0:41  Probe, Gateway  
  17  0:52  Probe  
  17  0:53  Assimilator  
  18  1:04  Probe  
  19  1:16  Probe  
  20  1:29  Cybernetics Core  
  20  1:38  Nexus  
  20  1:44  Probe  
  21  1:48  Pylon  
  21  1:56  Probe  
  21  1:58  Assimilator, Adept  
  22  2:08  Probe  
  25  2:20  Probe, Adept  
  26  2:24  Stargate  
  26  2:32  Probe  
  29  2:41  Warp Gate  
  29  2:44  Probe  
  29  2:48  Probe  
  29  2:50  Stalker  
  32  2:56  Probe x2  
  35  3:06  Probe  
  35  3:08  Probe  
  35  3:09  Oracle  
  37  3:18  Probe  
  41  3:22  Probe  
  41  3:26  Pylon  
  42  3:30  Probe  
  43  3:34  Probe  
  43  3:36  Gateway  
  43  3:38  Oracle  
  44  3:41  Assimilator  
  44  3:42  Probe  
  44  3:47  Probe  
  49  3:51  Assimilator  
  49  3:54  Probe  
  50  3:57  Pylon  
  50  3:59  Probe  
  51  4:07  Probe  
  52  4:11  Probe  
  53  4:17  Robotics Facility  
  53  4:19  Probe  
  53  4:23  Probe  
  55  4:30  Twilight Council  
  55  4:31  Gateway  
  55  4:34  Probe  
  55  4:35  Probe  
  55  4:36  Gateway  
  57  4:48  Zealot x2  
  57  4:51  Pylon  
  61  5:00  Warp Prism, Pylon  
  61  5:12  Templar Archives  
  59  5:22  Pylon  
  59  5:23  Probe  
  59  5:28  Probe  
  59  5:29  Pylon  
  59  5:32  Forge  
  60  5:37  Probe  
  60  5:41  Immortal  
  60  5:49  Nexus  
  60  5:50  High Templar x4, Pylon  
  60  5:54  Archon x2  
  60  5:55  Probe x2  
  74  6:01  Charge  
  74  6:02  Pylon  
  74  6:09  Probe x2  
  74  6:11  Protoss Ground Weapons Level 1  
  76  6:13  Immortal  
  76  6:24  Sentry  
  79  6:32  Gateway  
  79  6:33  Gateway  
  79  6:35  Gateway  
  79  6:37  Sentry x2  
  79  6:38  Zealot  
  85  6:41  Probe x2, Immortal, Gateway  
  91  7:04  Probe x3  
  91  7:05  Sentry, Zealot x2  
  91  7:07  Zealot, Immortal  
  90  7:28  Zealot x4  
  83  7:36  Shield Battery  
  79  7:38  Immortal  
  79  7:40  Zealot x3  
  76  7:50  Zealot  
  71  7:56  Zealot  
  64  7:59  Zealot  
  64  8:04  Sentry x4  
  74  8:11  Zealot  
  76  8:17  Zealot  
Tags
 
Add a new tag
Caveats
  • Supply blocks, unpowered buildings, or Contaminate may cause inaccurate times.
  • Supply counts are checked every 10 seconds.